 Dungeon Crawl Stone Soup version 0.27-a0-29-g2d0a2396b0 (webtiles) character file.

Game seed: 13821645308667868423

7779 gruber the Blocker (level 11, -12/89 HPs)
             Began as a Gnoll Fighter on Jan 3, 2021.
             Was an Initiate of Gozag.
             Mangled by a boulder beetle (15 damage)
             ... on level 11 of the Dungeon.
             The game lasted 00:13:15 (9053 turns).

gruber the Blocker (Gnoll Fighter)                  Turns: 9053, Time: 00:13:16

Health: -12/89     AC: 20    Str: 19    XL:     11   Next: 20%
Magic:  20/20      EV:  7    Int: 14    God:    Gozag
Gold:   1217       SH: 11    Dex: 10    Spells: 22/22 levels left

rFire    . . .     SeeInvis .   R - +3 falchion (freeze)
rCold    . . .     Faith    .   c - +0 kite shield
rNeg     + . .     Spirit   .   H - +1 plate armour {Will+}
rPois    +         Reflect  .   (no helmet)
rElec    .         Harm     .   Q - +1 cloak {rPois}
rCorr    .         Rampage  .   B - +2 pair of gloves
Will     +++..                  i - -2 pair of boots (curse)
Stlth    ..........             z - amulet of Kesy {rPois Will+ Regen+ Dex-4 Slay+3}
HPRegen  0.64/turn              D - ring of willpower
MPRegen  0.17/turn              x - ring of positive energy

@: lethally poisoned (-12 -> -17), gold aura
A: distributed training, fangs 1, strong nose
a: Renounce Religion, Potion Petition, Call Merchant, Bribe Branch


You were on level 11 of the Dungeon.
You worshipped Gozag.
Gozag was most pleased with you.
You visited 2 branches of the dungeon, and saw 12 of its levels.

You collected 2076 gold pieces.
You spent 96 gold pieces at shops.
You paid 763 gold pieces to Gozag.

Inventory:

Hand Weapons
 t - a +0 dagger of electrocution
 R - a +3 falchion of freezing (weapon)
Missiles
 m - 391 stones
 u - 20 poisoned darts (quivered)
Armour
 c - a +0 kite shield (worn)
 i - a cursed -2 pair of boots (worn)
 B - a +2 pair of gloves (worn)
 H - a +1 plate armour of willpower (worn)
 Q - a +1 cloak of poison resistance (worn)
Jewellery
 v - an uncursed ring of fire
 x - a ring of positive energy (right hand)
 z - the amulet of Kesy (around neck) {rPois Will+ Regen+ Dex-4 Slay+3}
   (You found it on level 4 of the Dungeon)

   [amulet of regeneration]

   It affects your dexterity (-4).
   It affects your accuracy and damage with ranged weapons and melee attacks
   (+3).
   It protects you from poison.
   It affects your willpower, your defense against some magical effects.
   It increases your rate of regeneration.
 D - a ring of willpower (left hand)
 G - a cursed amulet of inaccuracy {unknown}
 O - an uncursed amulet of faith {unknown}
 P - an uncursed amulet of the acrobat {unknown}
Wands
 C - a wand of flame (21)
 I - a wand of paralysis (7)
 K - a wand of iceblast (14)
 T - a wand of random effects (34)
Scrolls
 b - 8 scrolls of remove curse {unknown}
 g - 17 scrolls of identify {unknown}
 h - 6 scrolls of amnesia {unknown}
 j - 7 scrolls of teleportation {unknown}
 k - 2 scrolls of magic mapping {unknown}
 l - a scroll of brand weapon {unknown}
 w - 4 scrolls of enchant weapon {unknown}
 y - 2 scrolls of fog {unknown}
 A - 2 scrolls of fear {unknown}
 F - a scroll of blinking {unknown}
 L - a scroll of immolation {unknown}
 M - 2 scrolls of enchant armour {unknown}
 U - a scroll of vulnerability {unknown}
Potions
 a - a potion of magic {unknown}
 d - 5 potions of might
 e - 2 potions of heal wounds
 f - 2 potions of berserk rage {unknown}
 n - 4 potions of haste {unknown}
 o - 3 potions of degeneration {unknown}
 p - 2 potions of resistance {unknown}
 q - 2 potions of mutation {unknown}
 r - a potion of invisibility
 s - 4 potions of lignification {unknown}
 E - 2 potions of attraction {unknown}
 J - 2 potions of flight {unknown}
 N - 5 potions of curing
 S - a potion of brilliance {unknown}


   Skills:
 + Level 9.0 Fighting
 + Level 6.1 Short Blades
 + Level 7.7 Long Blades
 + Level 6.1 Axes
 + Level 6.1 Maces & Flails
 + Level 6.1 Polearms
 + Level 6.1 Staves
 + Level 6.1 Slings
 + Level 6.1 Bows
 + Level 6.1 Crossbows
 + Level 6.1 Throwing
 + Level 9.0 Armour
 + Level 6.1 Dodging
 + Level 6.1 Stealth
 + Level 9.0 Shields
 + Level 6.1 Unarmed Combat
 + Level 6.1 Spellcasting
 + Level 5.0 Conjurations
 + Level 5.0 Hexes
 + Level 5.0 Summonings
 + Level 5.0 Necromancy
 + Level 5.0 Translocations
 + Level 5.0 Transmutations
 + Level 5.0 Fire Magic
 + Level 5.0 Ice Magic
 + Level 5.0 Air Magic
 + Level 5.0 Earth Magic
 + Level 5.0 Poison Magic
 + Level 6.6 Invocations
 + Level 6.1 Evocations


You had 22 spell levels left.
You didn't know any spells.
Your spell library contained the following spells:

 Spells                   Type           Power        Failure   Level
 Corona                   Hex            20%          67%         1
 Magic Dart               Conj           72%          67%         1
 Searing Ray              Conj           36%          80%         2
 Slow                     Hex            18%          80%         2
 Dazzling Flash           Conj/Hex       36%          95%         3
 Inner Flame              Hex/Fire       18%          95%         3
 Portal Projectile        Hex/Tloc       36%          95%         3
 Cause Fear               Hex            9%           100%        4
 Fulminant Prism          Conj/Hex       9%           100%        4
 Iskenderun's Mystic Bla  Conj/Tloc      18%          100%        4
 Leda's Liquefaction      Hex/Erth       9%           100%        4


Dungeon Overview and Level Annotations

Branches:
Dungeon (11/15)            Temple (1/1) D:4             Orc (0/2) D:9
   Lair: D:8-11

Altars:
Ashenzari
Cheibriados
Elyvilon
Fedhas
Gozag
Makhleb
Nemelex Xobeh
Okawaru
Qazlal
Ru
Sif Muna
Trog
Wu Jian
Xom
Zin
The Shining One
Beogh

Shops:
D:10 !}*

Annotations:
D:3 2 runed translucent doors, Dirian's ghost, amateur MiFi


Innate Abilities, Weirdness & Mutations

Your experience applies equally to all skills.
You have very sharp teeth.
Your uncanny sense of smell can sniff out nearby items.


Message History

An orc comes into view. It is wielding a +0 dagger.
Unknown command.
Unknown command.
Unknown command.
You hit the orc wizard. You freeze the orc wizard.
The orc wizard is almost dead.
You feel sick.
The orc wizard casts a spell.
The orc wizard blinks!
The boulder beetle bites you!!
* * * LOW HITPOINT WARNING * * *
An orc priest comes into view. It is wielding a +0 dagger.
The orc priest shouts!
Unknown command.
Unknown command.
You slash the orc wizard! You freeze the orc wizard.
You kill the orc wizard!
* * * LOW HITPOINT WARNING * * *
You feel sick. The boulder beetle bites you!
You die...
Your body crumbles into a pile of gold.

..........+ .....
..........#......
..........#......
..........'....u.
#............##########
#...........u..........
#..######...........[.[
#..#....#..............
#..#...@#..............
#..#..$B#.....○°○...... ..
#..#...o'○...°.........
..#######..#....#o.............
...........###'##..............
...............................
..........####+########........
..........#...>.... #........
..........#.......#####........


You could see a boulder beetle, an orc priest and an orc.

Vanquished Creatures
  A two-headed ogre (D:9)
  An ugly thing (D:11)
  Maurice (D:8)
  A salamander (shapeshifter) (D:10)
  2 trolls
  Grinder (D:3)
  Grum (D:10)
  Duvessa (D:7)
  7 orc warriors
  A sky beast (D:10)
  A black bear (D:7)
  6 ice beasts
  A phantom (D:4)
  5 ogres
  3 wolves (D:10)
  7 centaurs
  A bullfrog (D:9)
  A gnoll sergeant (D:6)
  Dowan (D:7)
  2 scorpions (D:8)
  6 killer bees (D:10)
  5 wights (D:9)
  2 howler monkeys
  A jelly (D:5)
  2 quasits
  A bullfrog zombie (D:7)
  A centaur zombie (D:4)
  4 hounds
  13 orc wizards
  A bullfrog skeleton (D:4)
  6 orc priests
  2 centaur skeletons
  4 iguanas
  Jessica (D:3)
  3 worker ants
  2 killer bee zombies
  2 hound skeletons
  2 worker ant zombies
  A howler monkey skeleton (D:10)
  17 adders
  16 gnolls
  3 shadow imps
  2 white imps
  3 ufetubi
  An ooze (D:1)
  An adder zombie (D:9)
  4 adder skeletons
  3 worms
  A dart slug (D:2)
  9 leopard geckos
  55 orcs
  6 giant cockroaches
  6 goblins
  8 hobgoblins
  A jackal (D:2)
  10 kobolds
  7 quokkas
  3 ball pythons
  8 bats
  A frilled lizard (D:2)
  A jackal skeleton (D:8)
  A jackal zombie (D:6)
  A leopard gecko skeleton (D:7)
  A quokka skeleton (D:5)
  8 rats
281 creatures vanquished.

Vanquished Creatures (others)
  2 fungi (D:11)
  A plant (D:11)
3 creatures vanquished.

Grand Total: 284 creatures vanquished

Notes
Turn   | Place    | Note
-------+----------+-------------------------------------------
     0 | D:1      | gruber the Gnoll Fighter began the quest for the Orb.
     0 | D:1      | Reached XP level 1. HP: 23/23 MP: 1/1
   247 | D:1      | Reached XP level 2. HP: 28/29 MP: 2/2
  1364 | D:2      | Reached XP level 3. HP: 33/35 MP: 3/3
  1385 | D:2      | Reached skill level 1 in Invocations
  1510 | D:2      | Reached skill level 1 in Short Blades
  1510 | D:2      | Reached skill level 1 in Axes
  1510 | D:2      | Reached skill level 1 in Maces & Flails
  1510 | D:2      | Reached skill level 1 in Polearms
  1510 | D:2      | Reached skill level 1 in Staves
  1510 | D:2      | Reached skill level 1 in Slings
  1510 | D:2      | Reached skill level 1 in Bows
  1510 | D:2      | Reached skill level 1 in Crossbows
  1510 | D:2      | Reached skill level 1 in Throwing
  1510 | D:2      | Reached skill level 1 in Dodging
  1510 | D:2      | Reached skill level 1 in Stealth
  1510 | D:2      | Reached skill level 1 in Unarmed Combat
  1510 | D:2      | Reached skill level 1 in Spellcasting
  1510 | D:2      | Reached skill level 1 in Evocations
  1518 | D:2      | Reached XP level 4. HP: 34/41 MP: 5/5
  1862 | D:2      | Reached skill level 1 in Conjurations
  1862 | D:2      | Reached skill level 1 in Hexes
  1862 | D:2      | Reached skill level 1 in Summonings
  1862 | D:2      | Reached skill level 1 in Necromancy
  1862 | D:2      | Reached skill level 1 in Translocations
  1862 | D:2      | Reached skill level 1 in Transmutations
  1862 | D:2      | Reached skill level 1 in Fire Magic
  1862 | D:2      | Reached skill level 1 in Ice Magic
  1862 | D:2      | Reached skill level 1 in Air Magic
  1862 | D:2      | Reached skill level 1 in Earth Magic
  1862 | D:2      | Reached skill level 1 in Poison Magic
  2041 | D:2      | Found a shimmering altar of Xom.
  2119 | D:2      | Found a glowing golden altar of the Shining One.
  2192 | D:2      | Reached XP level 5. HP: 47/47 MP: 5/7
  2583 | D:3      | Reached XP level 6. HP: 48/53 MP: 8/8
  2668 | D:3      | Found a large runed translucent door.
  2668 | D:3      | Found a large runed translucent door.
  2748 | D:3      | Noticed Jessica
  2752 | D:3      | Killed Jessica
  2897 | D:3      | Found a bloodstained altar of Trog.
  2940 | D:3      | Noticed Grinder
  2948 | D:3      | Paralysed by Grinder for 2 turns
  2958 | D:3      | Killed Grinder
  2959 | D:3      | Reached skill level 5 in Long Blades
  2959 | D:3      | Reached XP level 7. HP: 55/59 MP: 8/10
  3220 | D:3      | Noticed Dirian's ghost (amateur MiFi)
  3293 | D:4      | Found a glowing silver altar of Zin.
  3531 | D:4      | Got a scorched brass amulet
  3594 | D:4      | Found a staircase to the Ecumenical Temple.
  3898 | D:4      | Found a shimmering blue altar of Sif Muna.
  3899 | D:4      | Found a stormy altar of Qazlal.
  3919 | D:4      | Identified the amulet of Kesy {rPois Will+ Regen+ Dex-4
                  | Slay+3} (You found it on level 4 of the Dungeon)
  3995 | Temple   | Entered the Ecumenical Temple
  4015 | Temple   | Became a worshipper of Gozag Ym Sagoz the Greedy
  4047 | D:5      | Entered Level 5 of the Dungeon
  4116 | D:5      | Reached XP level 8. HP: 61/67 MP: 12/12
  4148 | D:5      | Found an iron altar of Okawaru.
  4404 | D:5      | Found a shimmering altar of Xom.
  4646 | D:4      | Found a glowing golden altar of the Shining One.
  4646 | D:4      | Found an iron altar of Okawaru.
  4677 | D:6      | Found a burning altar of Makhleb.
  4985 | D:6      | Reached XP level 9. HP: 70/73 MP: 14/14
  5345 | D:6      | Found an ornate altar of the Wu Jian Council.
  5652 | D:7      | Noticed Duvessa
  5656 | D:7      | Noticed Dowan
  5663 | D:7      | Killed Duvessa
  5669 | D:7      | Killed Dowan
  6036 | D:7      | Found a broken altar of Ashenzari.
  6345 | D:8      | Reached skill level 5 in Invocations
  6563 | D:8      | Noticed Maurice
  6571 | D:8      | Killed Maurice
  6572 | D:8      | Reached XP level 10. HP: 79/80 MP: 15/17
  7182 | D:9      | Reached skill level 5 in Short Blades
  7182 | D:9      | Reached skill level 5 in Axes
  7182 | D:9      | Reached skill level 5 in Maces & Flails
  7182 | D:9      | Reached skill level 5 in Polearms
  7182 | D:9      | Reached skill level 5 in Staves
  7182 | D:9      | Reached skill level 5 in Slings
  7182 | D:9      | Reached skill level 5 in Bows
  7182 | D:9      | Reached skill level 5 in Crossbows
  7182 | D:9      | Reached skill level 5 in Throwing
  7182 | D:9      | Reached skill level 5 in Dodging
  7182 | D:9      | Reached skill level 5 in Stealth
  7182 | D:9      | Reached skill level 5 in Unarmed Combat
  7182 | D:9      | Reached skill level 5 in Spellcasting
  7182 | D:9      | Reached skill level 5 in Evocations
  7403 | D:9      | Noticed a two-headed ogre
  7676 | D:9      | Found a roughly hewn altar of Beogh.
  7885 | D:9      | Found a staircase to the Orcish Mines.
  7971 | D:9      | Killed a two-headed ogre
  8155 | D:8      | Noticed a rust devil
  8155 | D:8      | Noticed a rust devil
  8385 | D:10     | Entered Level 10 of the Dungeon
  8385 | D:10     | Found Kulucecier's Assorted Antiques.
  8407 | D:10     | Noticed a salamander
  8418 | D:10     | Killed a salamander
  8452 | D:10     | Noticed Grum
  8458 | D:10     | Reached XP level 11. HP: 56/87 MP: 19/19
  8495 | D:10     | Killed Grum
  8738 | D:10     | Found Jueken's Distillery.
  8742 | D:10     | Found Zetu's Gadget Boutique.
  8747 | D:10     | Bought a potion of heal wounds for 60 gold pieces
  8747 | D:10     | Bought a potion of curing for 36 gold pieces
  8927 | D:11     | Reached skill level 5 in Conjurations
  8927 | D:11     | Reached skill level 5 in Hexes
  8927 | D:11     | Reached skill level 5 in Summonings
  8927 | D:11     | Reached skill level 5 in Necromancy
  8927 | D:11     | Reached skill level 5 in Translocations
  8927 | D:11     | Reached skill level 5 in Transmutations
  8927 | D:11     | Reached skill level 5 in Fire Magic
  8927 | D:11     | Reached skill level 5 in Ice Magic
  8927 | D:11     | Reached skill level 5 in Air Magic
  8927 | D:11     | Reached skill level 5 in Earth Magic
  8927 | D:11     | Reached skill level 5 in Poison Magic
  9011 | D:11     | Noticed a boulder beetle
  9020 | D:11     | Noticed a green ugly thing
  9044 | D:11     | Killed a green ugly thing
  9044 | D:11     | HP: 4/89 [poisoned by a green ugly thing]
  9052 | D:11     | HP: 4/89 [boulder beetle (21)]
  9053 | D:11     | Mangled by a boulder beetle

Illustrated notes

Levels and vault maps discovered:
D:1:      minmay_arrival_jagged, layout_loops_corners
D:2:      minmay_razor_zed, layout_basic, marbit_many_paths,
          nicolae_tso_carved_into_rock
D:3:      layout_loops_ring, overflow_temple_1_default,
          ebering_ghost_disaster_area, uniq_jessica, uniq_grinder
D:4:      layout_loops_ring, nicolae_overflow_hidden_temple,
          gammafunk_temple_overflow_pools, minmay_temple_entry_junction
D:5:      layout_basic, basic_altar, okawaru_metal_pillars_1_2
D:6:      layout_basic, kennysheep_little_box, basic_altar
D:7:      layout_basic, basic_altar, uniq_duvessa
D:8:      cheibrodos_iron_armory, layout_loops_ring, uniq_maurice
D:9:      layout_rooms, david_orc_5
D:10:     layout_rooms, serial_shops, shop, nicolae_shop_crystal,
          nicolae_shop_crystal, uniq_grum
D:11:     layout_irregular_city, grunt_lair_entry_orc_guard_hut, uniq_fannar,
          uniq_erolcha, uniq_urug
Temple:   nicolae_temple_great_sept

Skill      XL: |  1  2  3  4  5  6  7  8  9 10 11 |
---------------+----------------------------------+-----
Invocations    | 1 2 3 4 5 6 |  6.6
Short Blades   | 1 2 3 4 5 6 |  6.1
Axes           | 1 2 3 4 5 6 |  6.1
Maces & Flails | 1 2 3 4 5 6 |  6.1
Polearms       | 1 2 3 4 5 6 |  6.1
Staves         | 1 2 3 4 5 6 |  6.1
Slings         | 1 2 3 4 5 6 |  6.1
Bows           | 1 2 3 4 5 6 |  6.1
Crossbows      | 1 2 3 4 5 6 |  6.1
Throwing       | 1 2 3 4 5 6 |  6.1
Dodging        | 1 2 3 4 5 6 |  6.1
Stealth        | 1 2 3 4 5 6 |  6.1
Unarmed Combat | 1 2 3 4 5 6 |  6.1
Spellcasting   | 1 2 3 4 5 6 |  6.1
Evocations     | 1 2 3 4 5 6 |  6.1
Conjurations   | 1 2 3 4 5 |  5.0
Hexes          | 1 2 3 4 5 |  5.0
Summonings     | 1 2 3 4 5 |  5.0
Necromancy     | 1 2 3 4 5 |  5.0
Translocations | 1 2 3 4 5 |  5.0
Transmutations | 1 2 3 4 5 |  5.0
Fire Magic     | 1 2 3 4 5 |  5.0
Ice Magic      | 1 2 3 4 5 |  5.0
Air Magic      | 1 2 3 4 5 |  5.0
Earth Magic    | 1 2 3 4 5 |  5.0
Poison Magic   | 1 2 3 4 5 |  5.0
Long Blades    | 5 6 7 |  7.7
Fighting       | 7 8 9 |  9.0
Armour         | 7 8 9 |  9.0
Shields        | 7 8 9 |  9.0

Action                   |  1- 3 |  4- 6 |  7- 9 | 10-12 || total
-------------------------+-------+-------+-------+-------++-------
Melee: Long sword        |    61 |   236 |   493 |    85 ||   875
       Bite              |     6 |    26 |    78 |    40 ||   150
       Falchion          |       |       |       |   239 ||   239
Throw: Stone             |       |     4 |       |       ||     4
       Dart              |       |     7 |     4 |    14 ||    25
Invok: Potion Petition   |       |       |       |     1 ||     1
Evoke: Wand              |       |       |       |     2 ||     2
  Use: Potion            |       |       |       |     2 ||     2
 Stab: Distracted        |       |       |     3 |     3 ||     6
Armor: Scale mail        |    32 |       |       |       ||    32
       Plate armour      |       |   106 |   272 |   171 ||   549
       Skin              |       |       |       |    12 ||    12
Dodge: Dodged            |    22 |    58 |   108 |    73 ||   261
Block: Kite shield       |    38 |   131 |   286 |   189 ||   644
       Rpst.: Long sword |     8 |    18 |    33 |     4 ||    63
       Falchion          |       |       |       |    21 ||    21

Table legend: (Time is in decaauts)
 A = Elapsed time spent in this place.
 B = Non-inter-level travel time spent in this place.
 C = Inter-level travel time spent in this place.
 D = Time resting spent in this place.
 E = Time spent auto-exploring this place.
 F = Levels seen in this place.
 G = Mean time per level.
                   A        B        C        D        E       F      G
               +--------+--------+--------+--------+--------+-----+--------+
         Total |   9185 |   8586 |    599 |    255 |   6049 |  12 |  765.4 |
       Dungeon |   9154 |   8566 |    588 |    255 |   6034 |  11 |  832.2 |
        Temple |     31 |     20 |     11 |      0 |     15 |   1 |   31.0 |
               +--------+--------+--------+--------+--------+-----+--------+

Top non-repeatable levels by time:
     D:2: 1534 daAuts
     D:9: 1175 daAuts
     D:6: 1041 daAuts
     D:1: 910 daAuts
     D:8: 888 daAuts
     D:3: 861 daAuts
     D:4: 812 daAuts
     D:7: 658 daAuts
     D:5: 626 daAuts
    D:10: 517 daAuts
    D:11: 129 daAuts
  Temple: 31 daAuts
